%YAML 1.1
%TAG !u! tag:unity3d.com,2011:
--- !u!1 &768050557444544788
GameObject:
  m_ObjectHideFlags: 0
  m_CorrespondingSourceObject: {fileID: 0}
  m_PrefabInstance: {fileID: 0}
  m_PrefabAsset: {fileID: 0}
  serializedVersion: 6
  m_Component:
  - component: {fileID: 8837370306256059114}
  m_Layer: 0
  m_Name: Scene 21
  m_TagString: Untagged
  m_Icon: {fileID: 0}
  m_NavMeshLayer: 0
  m_StaticEditorFlags: 0
  m_IsActive: 1
--- !u!4 &8837370306256059114
Transform:
  m_ObjectHideFlags: 0
  m_CorrespondingSourceObject: {fileID: 0}
  m_PrefabInstance: {fileID: 0}
  m_PrefabAsset: {fileID: 0}
  m_GameObject: {fileID: 768050557444544788}
  m_LocalRotation: {x: 0, y: 0, z: 0, w: 1}
  m_LocalPosition: {x: 0, y: 0, z: 0}
  m_LocalScale: {x: 1, y: 1, z: 1}
  m_ConstrainProportionsScale: 0
  m_Children:
  - {fileID: 350205373449457478}
  m_Father: {fileID: 0}
  m_RootOrder: 0
  m_LocalEulerAnglesHint: {x: 0, y: 0, z: 0}
--- !u!1 &6897192636182571503
GameObject:
  m_ObjectHideFlags: 0
  m_CorrespondingSourceObject: {fileID: 0}
  m_PrefabInstance: {fileID: 0}
  m_PrefabAsset: {fileID: 0}
  serializedVersion: 6
  m_Component:
  - component: {fileID: 350205373449457478}
  - component: {fileID: 7148454725280821610}
  - component: {fileID: 3748549546465322314}
  - component: {fileID: 7799654569313506381}
  - component: {fileID: 3640734259118148581}
  - component: {fileID: 4261733038428694987}
  - component: {fileID: 7671207351193157369}
  - component: {fileID: 3476045432557919194}
  - component: {fileID: 46584373598809848}
  - component: {fileID: 4885036200105978900}
  - component: {fileID: 1348115083653630982}
  - component: {fileID: 7302065010983677552}
  - component: {fileID: 2652053373493936966}
  - component: {fileID: 2328999947341623624}
  - component: {fileID: 348557036568412328}
  - component: {fileID: 743276055795898981}
  - component: {fileID: 5021532740253553966}
  - component: {fileID: 377278039843989776}
  - component: {fileID: 5282583712855793740}
  - component: {fileID: 714142102662964467}
  - component: {fileID: 2173781817273165371}
  - component: {fileID: 770990688006778493}
  - component: {fileID: 8585689124388292162}
  - component: {fileID: 1690338471495231674}
  - component: {fileID: 1967850868305069621}
  - component: {fileID: 8485886185470470460}
  - component: {fileID: 7736882146434333474}
  - component: {fileID: 7857304226780905796}
  - component: {fileID: 2151551038526582391}
  - component: {fileID: 2074651209677827892}
  - component: {fileID: 4788618006234186971}
  - component: {fileID: 6017331523225962920}
  - component: {fileID: 7868319281526776558}
  - component: {fileID: 5567356645431923565}
  - component: {fileID: 361968242246073808}
  - component: {fileID: 527465617479282323}
  - component: {fileID: 1403722216355383401}
  - component: {fileID: 6370561115855548185}
  - component: {fileID: 5382413912266632700}
  m_Layer: 0
  m_Name: 1.8-1.14
  m_TagString: Untagged
  m_Icon: {fileID: 0}
  m_NavMeshLayer: 0
  m_StaticEditorFlags: 0
  m_IsActive: 0
--- !u!4 &350205373449457478
Transform:
  m_ObjectHideFlags: 0
  m_CorrespondingSourceObject: {fileID: 0}
  m_PrefabInstance: {fileID: 0}
  m_PrefabAsset: {fileID: 0}
  m_GameObject: {fileID: 6897192636182571503}
  m_LocalRotation: {x: -0, y: -0, z: -0, w: 1}
  m_LocalPosition: {x: 0, y: 0, z: 0}
  m_LocalScale: {x: 1, y: 1, z: 1}
  m_ConstrainProportionsScale: 0
  m_Children: []
  m_Father: {fileID: 8837370306256059114}
  m_RootOrder: 0
  m_LocalEulerAnglesHint: {x: 0, y: 0, z: 0}
--- !u!114 &7148454725280821610
MonoBehaviour:
  m_ObjectHideFlags: 0
  m_CorrespondingSourceObject: {fileID: 0}
  m_PrefabInstance: {fileID: 0}
  m_PrefabAsset: {fileID: 0}
  m_GameObject: {fileID: 6897192636182571503}
  m_Enabled: 1
  m_EditorHideFlags: 0
  m_Script: {fileID: 11500000, guid: 7a334fe2ffb574b3583ff3b18b4792d3, type: 3}
  m_Name: 
  m_EditorClassIdentifier: 
  version: 1
  scrollPos: {x: 262.14084, y: -27.100006}
  variablesScrollPos: {x: 0, y: 0}
  variablesExpanded: 1
  blockViewHeight: 410.8
  zoom: 1
  scrollViewRect:
    serializedVersion: 2
    x: 0
    y: 0
    width: 0
    height: 0
  selectedBlocks:
  - {fileID: 3748549546465322314}
  selectedCommands:
  - {fileID: 743276055795898981}
  variables: []
  description: 
  stepPause: 0
  colorCommands: 1
  hideComponents: 1
  saveSelection: 1
  localizationId: 
  showLineNumbers: 0
  hideCommands: []
  luaEnvironment: {fileID: 0}
  luaBindingName: flowchart
--- !u!114 &3748549546465322314
MonoBehaviour:
  m_ObjectHideFlags: 0
  m_CorrespondingSourceObject: {fileID: 0}
  m_PrefabInstance: {fileID: 0}
  m_PrefabAsset: {fileID: 0}
  m_GameObject: {fileID: 6897192636182571503}
  m_Enabled: 1
  m_EditorHideFlags: 0
  m_Script: {fileID: 11500000, guid: 3d3d73aef2cfc4f51abf34ac00241f60, type: 3}
  m_Name: 
  m_EditorClassIdentifier: 
  nodeRect:
    serializedVersion: 2
    x: 243.95918
    y: 124
    width: 97.2
    height: 40
  tint: {r: 1, g: 1, b: 1, a: 1}
  useCustomTint: 0
  itemId: 0
  blockName: Scene 2
  description: 
  eventHandler: {fileID: 7799654569313506381}
  commandList:
  - {fileID: 361968242246073808}
  - {fileID: 5382413912266632700}
  - {fileID: 6370561115855548185}
  - {fileID: 5567356645431923565}
  - {fileID: 770990688006778493}
  - {fileID: 1690338471495231674}
  - {fileID: 3640734259118148581}
  - {fileID: 7671207351193157369}
  - {fileID: 1967850868305069621}
  - {fileID: 5282583712855793740}
  - {fileID: 714142102662964467}
  - {fileID: 8485886185470470460}
  - {fileID: 3476045432557919194}
  - {fileID: 46584373598809848}
  - {fileID: 7736882146434333474}
  - {fileID: 1348115083653630982}
  - {fileID: 4885036200105978900}
  - {fileID: 7857304226780905796}
  - {fileID: 527465617479282323}
  - {fileID: 7302065010983677552}
  - {fileID: 377278039843989776}
  - {fileID: 2151551038526582391}
  - {fileID: 348557036568412328}
  - {fileID: 5021532740253553966}
  - {fileID: 2074651209677827892}
  - {fileID: 2328999947341623624}
  - {fileID: 743276055795898981}
  - {fileID: 4788618006234186971}
  - {fileID: 2173781817273165371}
  - {fileID: 2652053373493936966}
  - {fileID: 6017331523225962920}
  - {fileID: 8585689124388292162}
  - {fileID: 4261733038428694987}
  - {fileID: 7868319281526776558}
  - {fileID: 1403722216355383401}
  suppressAllAutoSelections: 0
--- !u!114 &7799654569313506381
MonoBehaviour:
  m_ObjectHideFlags: 0
  m_CorrespondingSourceObject: {fileID: 0}
  m_PrefabInstance: {fileID: 0}
  m_PrefabAsset: {fileID: 0}
  m_GameObject: {fileID: 6897192636182571503}
  m_Enabled: 1
  m_EditorHideFlags: 0
  m_Script: {fileID: 11500000, guid: 8ff5d850a887844fe87ae7d366d3ab5e, type: 3}
  m_Name: 
  m_EditorClassIdentifier: 
  parentBlock: {fileID: 3748549546465322314}
  suppressBlockAutoSelect: 0
--- !u!114 &3640734259118148581
MonoBehaviour:
  m_ObjectHideFlags: 0
  m_CorrespondingSourceObject: {fileID: 0}
  m_PrefabInstance: {fileID: 0}
  m_PrefabAsset: {fileID: 0}
  m_GameObject: {fileID: 6897192636182571503}
  m_Enabled: 1
  m_EditorHideFlags: 0
  m_Script: {fileID: 11500000, guid: ec422cd568a9c4a31ad7c36d0572b9da, type: 3}
  m_Name: 
  m_EditorClassIdentifier: 
  itemId: 2
  indentLevel: 0
  storyText: Mom...
  description: 
  character: {fileID: 0}
  portrait: {fileID: 0}
  voiceOverClip: {fileID: 8300000, guid: dc95b94e14f141947ba63c1e56d526e6, type: 3}
  showAlways: 1
  showCount: 1
  extendPrevious: 0
  fadeWhenDone: 0
  waitForClick: 0
  stopVoiceover: 0
  waitForVO: 1
  setSayDialog: {fileID: 0}
--- !u!114 &4261733038428694987
MonoBehaviour:
  m_ObjectHideFlags: 0
  m_CorrespondingSourceObject: {fileID: 0}
  m_PrefabInstance: {fileID: 0}
  m_PrefabAsset: {fileID: 0}
  m_GameObject: {fileID: 6897192636182571503}
  m_Enabled: 1
  m_EditorHideFlags: 0
  m_Script: {fileID: 11500000, guid: dbd8c931f22994b9d90e2037fffaa770, type: 3}
  m_Name: 
  m_EditorClassIdentifier: 
  itemId: 3
  indentLevel: 0
  _targetGameObject:
    gameObjectRef: {fileID: 0}
    gameObjectVal: {fileID: 6897192636182571503}
  activeState:
    booleanRef: {fileID: 0}
    booleanVal: 0
  targetGameObjectOLD: {fileID: 0}
--- !u!114 &7671207351193157369
MonoBehaviour:
  m_ObjectHideFlags: 0
  m_CorrespondingSourceObject: {fileID: 0}
  m_PrefabInstance: {fileID: 0}
  m_PrefabAsset: {fileID: 0}
  m_GameObject: {fileID: 6897192636182571503}
  m_Enabled: 1
  m_EditorHideFlags: 0
  m_Script: {fileID: 11500000, guid: 3315ad2ebb85443909a1203d56d9344e, type: 3}
  m_Name: 
  m_EditorClassIdentifier: 
  itemId: 4
  indentLevel: 0
  _duration:
    floatRef: {fileID: 0}
    floatVal: 1
  durationOLD: 0
--- !u!114 &3476045432557919194
MonoBehaviour:
  m_ObjectHideFlags: 0
  m_CorrespondingSourceObject: {fileID: 0}
  m_PrefabInstance: {fileID: 0}
  m_PrefabAsset: {fileID: 0}
  m_GameObject: {fileID: 6897192636182571503}
  m_Enabled: 1
  m_EditorHideFlags: 0
  m_Script: {fileID: 11500000, guid: ec422cd568a9c4a31ad7c36d0572b9da, type: 3}
  m_Name: 
  m_EditorClassIdentifier: 
  itemId: 5
  indentLevel: 0
  storyText: "Last summer\u2026 Gran\u2019pop said that he\u2019ll read it for me,
    but, n-now\u2026"
  description: 
  character: {fileID: 0}
  portrait: {fileID: 0}
  voiceOverClip: {fileID: 8300000, guid: 9fd4da8d10741c54f821eba658e7d0b1, type: 3}
  showAlways: 1
  showCount: 1
  extendPrevious: 0
  fadeWhenDone: 0
  waitForClick: 0
  stopVoiceover: 0
  waitForVO: 1
  setSayDialog: {fileID: 0}
--- !u!114 &46584373598809848
MonoBehaviour:
  m_ObjectHideFlags: 0
  m_CorrespondingSourceObject: {fileID: 0}
  m_PrefabInstance: {fileID: 0}
  m_PrefabAsset: {fileID: 0}
  m_GameObject: {fileID: 6897192636182571503}
  m_Enabled: 0
  m_EditorHideFlags: 0
  m_Script: {fileID: 11500000, guid: 3315ad2ebb85443909a1203d56d9344e, type: 3}
  m_Name: 
  m_EditorClassIdentifier: 
  itemId: 7
  indentLevel: 0
  _duration:
    floatRef: {fileID: 0}
    floatVal: 1
  durationOLD: 0
--- !u!114 &4885036200105978900
MonoBehaviour:
  m_ObjectHideFlags: 0
  m_CorrespondingSourceObject: {fileID: 0}
  m_PrefabInstance: {fileID: 0}
  m_PrefabAsset: {fileID: 0}
  m_GameObject: {fileID: 6897192636182571503}
  m_Enabled: 1
  m_EditorHideFlags: 0
  m_Script: {fileID: 11500000, guid: 3315ad2ebb85443909a1203d56d9344e, type: 3}
  m_Name: 
  m_EditorClassIdentifier: 
  itemId: 8
  indentLevel: 0
  _duration:
    floatRef: {fileID: 0}
    floatVal: 1
  durationOLD: 0
--- !u!114 &1348115083653630982
MonoBehaviour:
  m_ObjectHideFlags: 0
  m_CorrespondingSourceObject: {fileID: 0}
  m_PrefabInstance: {fileID: 0}
  m_PrefabAsset: {fileID: 0}
  m_GameObject: {fileID: 6897192636182571503}
  m_Enabled: 1
  m_EditorHideFlags: 0
  m_Script: {fileID: 11500000, guid: ec422cd568a9c4a31ad7c36d0572b9da, type: 3}
  m_Name: 
  m_EditorClassIdentifier: 
  itemId: 9
  indentLevel: 0
  storyText: Now now..
  description: 
  character: {fileID: 0}
  portrait: {fileID: 0}
  voiceOverClip: {fileID: 8300000, guid: c7b7d488c0be1664393433331986e6e7, type: 3}
  showAlways: 1
  showCount: 1
  extendPrevious: 0
  fadeWhenDone: 0
  waitForClick: 0
  stopVoiceover: 0
  waitForVO: 1
  setSayDialog: {fileID: 0}
--- !u!114 &7302065010983677552
MonoBehaviour:
  m_ObjectHideFlags: 0
  m_CorrespondingSourceObject: {fileID: 0}
  m_PrefabInstance: {fileID: 0}
  m_PrefabAsset: {fileID: 0}
  m_GameObject: {fileID: 6897192636182571503}
  m_Enabled: 1
  m_EditorHideFlags: 0
  m_Script: {fileID: 11500000, guid: ec422cd568a9c4a31ad7c36d0572b9da, type: 3}
  m_Name: 
  m_EditorClassIdentifier: 
  itemId: 18
  indentLevel: 0
  storyText: "Hey, wait a minute\u2026"
  description: 
  character: {fileID: 0}
  portrait: {fileID: 0}
  voiceOverClip: {fileID: 8300000, guid: b9d55a6a7ac71504a865d3e61385e0e8, type: 3}
  showAlways: 1
  showCount: 1
  extendPrevious: 0
  fadeWhenDone: 1
  waitForClick: 0
  stopVoiceover: 0
  waitForVO: 1
  setSayDialog: {fileID: 0}
--- !u!114 &2652053373493936966
MonoBehaviour:
  m_ObjectHideFlags: 0
  m_CorrespondingSourceObject: {fileID: 0}
  m_PrefabInstance: {fileID: 0}
  m_PrefabAsset: {fileID: 0}
  m_GameObject: {fileID: 6897192636182571503}
  m_Enabled: 1
  m_EditorHideFlags: 0
  m_Script: {fileID: 11500000, guid: ec422cd568a9c4a31ad7c36d0572b9da, type: 3}
  m_Name: 
  m_EditorClassIdentifier: 
  itemId: 19
  indentLevel: 0
  storyText: "Oh well, let\u2019s start the story, shall we?"
  description: 
  character: {fileID: 0}
  portrait: {fileID: 0}
  voiceOverClip: {fileID: 8300000, guid: f7836e6e2d095b44b9b0ca18755b8664, type: 3}
  showAlways: 1
  showCount: 1
  extendPrevious: 0
  fadeWhenDone: 0
  waitForClick: 0
  stopVoiceover: 0
  waitForVO: 1
  setSayDialog: {fileID: 0}
--- !u!114 &2328999947341623624
MonoBehaviour:
  m_ObjectHideFlags: 0
  m_CorrespondingSourceObject: {fileID: 0}
  m_PrefabInstance: {fileID: 0}
  m_PrefabAsset: {fileID: 0}
  m_GameObject: {fileID: 6897192636182571503}
  m_Enabled: 1
  m_EditorHideFlags: 0
  m_Script: {fileID: 11500000, guid: ec422cd568a9c4a31ad7c36d0572b9da, type: 3}
  m_Name: 
  m_EditorClassIdentifier: 
  itemId: 20
  indentLevel: 0
  storyText: He did? Can you read it for me, mum? Please read it for me!
  description: 
  character: {fileID: 0}
  portrait: {fileID: 0}
  voiceOverClip: {fileID: 8300000, guid: 874603876633f3c4bb22185c06484a82, type: 3}
  showAlways: 1
  showCount: 1
  extendPrevious: 0
  fadeWhenDone: 0
  waitForClick: 0
  stopVoiceover: 0
  waitForVO: 1
  setSayDialog: {fileID: 0}
--- !u!114 &348557036568412328
MonoBehaviour:
  m_ObjectHideFlags: 0
  m_CorrespondingSourceObject: {fileID: 0}
  m_PrefabInstance: {fileID: 0}
  m_PrefabAsset: {fileID: 0}
  m_GameObject: {fileID: 6897192636182571503}
  m_Enabled: 1
  m_EditorHideFlags: 0
  m_Script: {fileID: 11500000, guid: ec422cd568a9c4a31ad7c36d0572b9da, type: 3}
  m_Name: 
  m_EditorClassIdentifier: 
  itemId: 21
  indentLevel: 0
  storyText: "I remember this book. Your grandpa used to read it for me when I was
    at your age\u2026"
  description: 
  character: {fileID: 0}
  portrait: {fileID: 0}
  voiceOverClip: {fileID: 8300000, guid: cd6aafd55146ce240abf3b003ff6b19b, type: 3}
  showAlways: 1
  showCount: 1
  extendPrevious: 0
  fadeWhenDone: 0
  waitForClick: 0
  stopVoiceover: 0
  waitForVO: 1
  setSayDialog: {fileID: 0}
--- !u!114 &743276055795898981
MonoBehaviour:
  m_ObjectHideFlags: 0
  m_CorrespondingSourceObject: {fileID: 0}
  m_PrefabInstance: {fileID: 0}
  m_PrefabAsset: {fileID: 0}
  m_GameObject: {fileID: 6897192636182571503}
  m_Enabled: 0
  m_EditorHideFlags: 0
  m_Script: {fileID: 11500000, guid: 3315ad2ebb85443909a1203d56d9344e, type: 3}
  m_Name: 
  m_EditorClassIdentifier: 
  itemId: 32
  indentLevel: 0
  _duration:
    floatRef: {fileID: 0}
    floatVal: 2
  durationOLD: 0
--- !u!114 &5021532740253553966
MonoBehaviour:
  m_ObjectHideFlags: 0
  m_CorrespondingSourceObject: {fileID: 0}
  m_PrefabInstance: {fileID: 0}
  m_PrefabAsset: {fileID: 0}
  m_GameObject: {fileID: 6897192636182571503}
  m_Enabled: 0
  m_EditorHideFlags: 0
  m_Script: {fileID: 11500000, guid: 3315ad2ebb85443909a1203d56d9344e, type: 3}
  m_Name: 
  m_EditorClassIdentifier: 
  itemId: 33
  indentLevel: 0
  _duration:
    floatRef: {fileID: 0}
    floatVal: 0
  durationOLD: 0
--- !u!114 &377278039843989776
MonoBehaviour:
  m_ObjectHideFlags: 0
  m_CorrespondingSourceObject: {fileID: 0}
  m_PrefabInstance: {fileID: 0}
  m_PrefabAsset: {fileID: 0}
  m_GameObject: {fileID: 6897192636182571503}
  m_Enabled: 0
  m_EditorHideFlags: 0
  m_Script: {fileID: 11500000, guid: 3315ad2ebb85443909a1203d56d9344e, type: 3}
  m_Name: 
  m_EditorClassIdentifier: 
  itemId: 34
  indentLevel: 0
  _duration:
    floatRef: {fileID: 0}
    floatVal: 0
  durationOLD: 0
--- !u!114 &5282583712855793740
MonoBehaviour:
  m_ObjectHideFlags: 0
  m_CorrespondingSourceObject: {fileID: 0}
  m_PrefabInstance: {fileID: 0}
  m_PrefabAsset: {fileID: 0}
  m_GameObject: {fileID: 6897192636182571503}
  m_Enabled: 1
  m_EditorHideFlags: 0
  m_Script: {fileID: 11500000, guid: ec422cd568a9c4a31ad7c36d0572b9da, type: 3}
  m_Name: 
  m_EditorClassIdentifier: 
  itemId: 35
  indentLevel: 0
  storyText: "It\u2019s late for a child like you to still be awake, you know? Huh?
    What\u2019s that in your hand?"
  description: 
  character: {fileID: 0}
  portrait: {fileID: 0}
  voiceOverClip: {fileID: 8300000, guid: 2d60c4cf79db4b74d8d07aa296d3f231, type: 3}
  showAlways: 1
  showCount: 1
  extendPrevious: 0
  fadeWhenDone: 0
  waitForClick: 0
  stopVoiceover: 0
  waitForVO: 1
  setSayDialog: {fileID: 0}
--- !u!114 &714142102662964467
MonoBehaviour:
  m_ObjectHideFlags: 0
  m_CorrespondingSourceObject: {fileID: 0}
  m_PrefabInstance: {fileID: 0}
  m_PrefabAsset: {fileID: 0}
  m_GameObject: {fileID: 6897192636182571503}
  m_Enabled: 0
  m_EditorHideFlags: 0
  m_Script: {fileID: 11500000, guid: 3315ad2ebb85443909a1203d56d9344e, type: 3}
  m_Name: 
  m_EditorClassIdentifier: 
  itemId: 36
  indentLevel: 0
  _duration:
    floatRef: {fileID: 0}
    floatVal: 1
  durationOLD: 0
--- !u!114 &2173781817273165371
MonoBehaviour:
  m_ObjectHideFlags: 0
  m_CorrespondingSourceObject: {fileID: 0}
  m_PrefabInstance: {fileID: 0}
  m_PrefabAsset: {fileID: 0}
  m_GameObject: {fileID: 6897192636182571503}
  m_Enabled: 1
  m_EditorHideFlags: 0
  m_Script: {fileID: 11500000, guid: 58b0ad28b2e4fe24e8992567120be269, type: 3}
  m_Name: 
  m_EditorClassIdentifier: 
  itemId: 38
  indentLevel: 0
  illust: {fileID: 21300000, guid: dd5cd637b87b267449ef0262b0465dc4, type: 3}
--- !u!114 &770990688006778493
MonoBehaviour:
  m_ObjectHideFlags: 0
  m_CorrespondingSourceObject: {fileID: 0}
  m_PrefabInstance: {fileID: 0}
  m_PrefabAsset: {fileID: 0}
  m_GameObject: {fileID: 6897192636182571503}
  m_Enabled: 1
  m_EditorHideFlags: 0
  m_Script: {fileID: 11500000, guid: baeb426e1e92cd84cb3e73197952014f, type: 3}
  m_Name: 
  m_EditorClassIdentifier: 
  itemId: 39
  indentLevel: 0
  receiveInput: 0
--- !u!114 &8585689124388292162
MonoBehaviour:
  m_ObjectHideFlags: 0
  m_CorrespondingSourceObject: {fileID: 0}
  m_PrefabInstance: {fileID: 0}
  m_PrefabAsset: {fileID: 0}
  m_GameObject: {fileID: 6897192636182571503}
  m_Enabled: 1
  m_EditorHideFlags: 0
  m_Script: {fileID: 11500000, guid: baeb426e1e92cd84cb3e73197952014f, type: 3}
  m_Name: 
  m_EditorClassIdentifier: 
  itemId: 40
  indentLevel: 0
  receiveInput: 1
--- !u!114 &1690338471495231674
MonoBehaviour:
  m_ObjectHideFlags: 0
  m_CorrespondingSourceObject: {fileID: 0}
  m_PrefabInstance: {fileID: 0}
  m_PrefabAsset: {fileID: 0}
  m_GameObject: {fileID: 6897192636182571503}
  m_Enabled: 0
  m_EditorHideFlags: 0
  m_Script: {fileID: 11500000, guid: f78190bba0f01cb419143fc2c0faa414, type: 3}
  m_Name: 
  m_EditorClassIdentifier: 
  itemId: 41
  indentLevel: 0
  charName: Child
  charExpression: Cry
  face: 1
--- !u!114 &1967850868305069621
MonoBehaviour:
  m_ObjectHideFlags: 0
  m_CorrespondingSourceObject: {fileID: 0}
  m_PrefabInstance: {fileID: 0}
  m_PrefabAsset: {fileID: 0}
  m_GameObject: {fileID: 6897192636182571503}
  m_Enabled: 0
  m_EditorHideFlags: 0
  m_Script: {fileID: 11500000, guid: f78190bba0f01cb419143fc2c0faa414, type: 3}
  m_Name: 
  m_EditorClassIdentifier: 
  itemId: 42
  indentLevel: 0
  charName: Mom
  charExpression: Complexed
  face: 0
--- !u!114 &8485886185470470460
MonoBehaviour:
  m_ObjectHideFlags: 0
  m_CorrespondingSourceObject: {fileID: 0}
  m_PrefabInstance: {fileID: 0}
  m_PrefabAsset: {fileID: 0}
  m_GameObject: {fileID: 6897192636182571503}
  m_Enabled: 0
  m_EditorHideFlags: 0
  m_Script: {fileID: 11500000, guid: f78190bba0f01cb419143fc2c0faa414, type: 3}
  m_Name: 
  m_EditorClassIdentifier: 
  itemId: 43
  indentLevel: 0
  charName: Child
  charExpression: Cry
  face: 1
--- !u!114 &7736882146434333474
MonoBehaviour:
  m_ObjectHideFlags: 0
  m_CorrespondingSourceObject: {fileID: 0}
  m_PrefabInstance: {fileID: 0}
  m_PrefabAsset: {fileID: 0}
  m_GameObject: {fileID: 6897192636182571503}
  m_Enabled: 0
  m_EditorHideFlags: 0
  m_Script: {fileID: 11500000, guid: f78190bba0f01cb419143fc2c0faa414, type: 3}
  m_Name: 
  m_EditorClassIdentifier: 
  itemId: 44
  indentLevel: 0
  charName: Mom
  charExpression: Confused
  face: 0
--- !u!114 &7857304226780905796
MonoBehaviour:
  m_ObjectHideFlags: 0
  m_CorrespondingSourceObject: {fileID: 0}
  m_PrefabInstance: {fileID: 0}
  m_PrefabAsset: {fileID: 0}
  m_GameObject: {fileID: 6897192636182571503}
  m_Enabled: 0
  m_EditorHideFlags: 0
  m_Script: {fileID: 11500000, guid: f78190bba0f01cb419143fc2c0faa414, type: 3}
  m_Name: 
  m_EditorClassIdentifier: 
  itemId: 45
  indentLevel: 0
  charName: Mom
  charExpression: Default
  face: 0
--- !u!114 &2151551038526582391
MonoBehaviour:
  m_ObjectHideFlags: 0
  m_CorrespondingSourceObject: {fileID: 0}
  m_PrefabInstance: {fileID: 0}
  m_PrefabAsset: {fileID: 0}
  m_GameObject: {fileID: 6897192636182571503}
  m_Enabled: 0
  m_EditorHideFlags: 0
  m_Script: {fileID: 11500000, guid: f78190bba0f01cb419143fc2c0faa414, type: 3}
  m_Name: 
  m_EditorClassIdentifier: 
  itemId: 46
  indentLevel: 0
  charName: Mom
  charExpression: Complexed
  face: 0
--- !u!114 &2074651209677827892
MonoBehaviour:
  m_ObjectHideFlags: 0
  m_CorrespondingSourceObject: {fileID: 0}
  m_PrefabInstance: {fileID: 0}
  m_PrefabAsset: {fileID: 0}
  m_GameObject: {fileID: 6897192636182571503}
  m_Enabled: 0
  m_EditorHideFlags: 0
  m_Script: {fileID: 11500000, guid: f78190bba0f01cb419143fc2c0faa414, type: 3}
  m_Name: 
  m_EditorClassIdentifier: 
  itemId: 47
  indentLevel: 0
  charName: Child
  charExpression: Happy
  face: 1
--- !u!114 &4788618006234186971
MonoBehaviour:
  m_ObjectHideFlags: 0
  m_CorrespondingSourceObject: {fileID: 0}
  m_PrefabInstance: {fileID: 0}
  m_PrefabAsset: {fileID: 0}
  m_GameObject: {fileID: 6897192636182571503}
  m_Enabled: 0
  m_EditorHideFlags: 0
  m_Script: {fileID: 11500000, guid: f78190bba0f01cb419143fc2c0faa414, type: 3}
  m_Name: 
  m_EditorClassIdentifier: 
  itemId: 48
  indentLevel: 0
  charName: Mom
  charExpression: Default
  face: 0
--- !u!114 &6017331523225962920
MonoBehaviour:
  m_ObjectHideFlags: 0
  m_CorrespondingSourceObject: {fileID: 0}
  m_PrefabInstance: {fileID: 0}
  m_PrefabAsset: {fileID: 0}
  m_GameObject: {fileID: 6897192636182571503}
  m_Enabled: 0
  m_EditorHideFlags: 0
  m_Script: {fileID: 11500000, guid: 94ec2b919db5834489922f975c2ca4e5, type: 3}
  m_Name: 
  m_EditorClassIdentifier: 
  itemId: 49
  indentLevel: 0
--- !u!114 &7868319281526776558
MonoBehaviour:
  m_ObjectHideFlags: 0
  m_CorrespondingSourceObject: {fileID: 0}
  m_PrefabInstance: {fileID: 0}
  m_PrefabAsset: {fileID: 0}
  m_GameObject: {fileID: 6897192636182571503}
  m_Enabled: 1
  m_EditorHideFlags: 0
  m_Script: {fileID: 11500000, guid: 864016b0018ba5b4a89dcb200f5ff961, type: 3}
  m_Name: 
  m_EditorClassIdentifier: 
  itemId: 50
  indentLevel: 0
  field: {fileID: 11400000, guid: f78460d9f4154c0479bb07e866a9fa47, type: 2}
--- !u!114 &5567356645431923565
MonoBehaviour:
  m_ObjectHideFlags: 0
  m_CorrespondingSourceObject: {fileID: 0}
  m_PrefabInstance: {fileID: 0}
  m_PrefabAsset: {fileID: 0}
  m_GameObject: {fileID: 6897192636182571503}
  m_Enabled: 1
  m_EditorHideFlags: 0
  m_Script: {fileID: 11500000, guid: 45702df9fb1ee3f4a8ad2dfbcd149678, type: 3}
  m_Name: 
  m_EditorClassIdentifier: 
  itemId: 51
  indentLevel: 0
  sayDialogueType: 0
  hideDialogue: 0
--- !u!114 &361968242246073808
MonoBehaviour:
  m_ObjectHideFlags: 0
  m_CorrespondingSourceObject: {fileID: 0}
  m_PrefabInstance: {fileID: 0}
  m_PrefabAsset: {fileID: 0}
  m_GameObject: {fileID: 6897192636182571503}
  m_Enabled: 1
  m_EditorHideFlags: 0
  m_Script: {fileID: 11500000, guid: 58b0ad28b2e4fe24e8992567120be269, type: 3}
  m_Name: 
  m_EditorClassIdentifier: 
  itemId: 52
  indentLevel: 0
  illust: {fileID: 21300000, guid: 187e9701f8064d44a9036c96b4618f16, type: 3}
--- !u!114 &527465617479282323
MonoBehaviour:
  m_ObjectHideFlags: 0
  m_CorrespondingSourceObject: {fileID: 0}
  m_PrefabInstance: {fileID: 0}
  m_PrefabAsset: {fileID: 0}
  m_GameObject: {fileID: 6897192636182571503}
  m_Enabled: 1
  m_EditorHideFlags: 0
  m_Script: {fileID: 11500000, guid: 58b0ad28b2e4fe24e8992567120be269, type: 3}
  m_Name: 
  m_EditorClassIdentifier: 
  itemId: 53
  indentLevel: 0
  illust: {fileID: 21300000, guid: 6ad92808c1acc2548a8d67189bc0cd52, type: 3}
--- !u!114 &1403722216355383401
MonoBehaviour:
  m_ObjectHideFlags: 0
  m_CorrespondingSourceObject: {fileID: 0}
  m_PrefabInstance: {fileID: 0}
  m_PrefabAsset: {fileID: 0}
  m_GameObject: {fileID: 6897192636182571503}
  m_Enabled: 1
  m_EditorHideFlags: 0
  m_Script: {fileID: 11500000, guid: 3ade884fc03045241aabe32ef3f024ff, type: 3}
  m_Name: 
  m_EditorClassIdentifier: 
  itemId: 54
  indentLevel: 0
--- !u!114 &6370561115855548185
MonoBehaviour:
  m_ObjectHideFlags: 0
  m_CorrespondingSourceObject: {fileID: 0}
  m_PrefabInstance: {fileID: 0}
  m_PrefabAsset: {fileID: 0}
  m_GameObject: {fileID: 6897192636182571503}
  m_Enabled: 1
  m_EditorHideFlags: 0
  m_Script: {fileID: 11500000, guid: 1902400ccc99b45d69ad01cb86b57d0f, type: 3}
  m_Name: 
  m_EditorClassIdentifier: 
  itemId: 55
  indentLevel: 0
  musicClip: {fileID: 8300000, guid: 184df470bbb3ccb44bb3c99002a1ca50, type: 3}
  atTime: 0
  loop: 1
  fadeDuration: 1
--- !u!114 &5382413912266632700
MonoBehaviour:
  m_ObjectHideFlags: 0
  m_CorrespondingSourceObject: {fileID: 0}
  m_PrefabInstance: {fileID: 0}
  m_PrefabAsset: {fileID: 0}
  m_GameObject: {fileID: 6897192636182571503}
  m_Enabled: 1
  m_EditorHideFlags: 0
  m_Script: {fileID: 11500000, guid: a4015e84616cc45cfb498561373899d2, type: 3}
  m_Name: 
  m_EditorClassIdentifier: 
  itemId: 56
  indentLevel: 0
  volume: 0.25
  fadeDuration: 1
  waitUntilFinished: 1
